Map: Blackpink LE

Players

SvetlanaBae - Winner!

  • Race: Protoss Protoss
  • League: Grandmaster
  • Spawn Location: 7:00

Pancakes

  • Race: Protoss Protoss
  • League: Grandmaster
  • Spawn Location: 1:00

VOD

Have the link to the VOD?

Description

Time

  • Played on: Feb. 19, 2018, 4:54 p.m.
  • Length: 13:35
Show
View Real Time Build Order
Export as new Build Order

SvetlanaBae Protoss - Winner!

Build Orders: Phoenix Opening 

Get SALT Encoding   

  12  0:00  Probe  
  13  0:13  Probe  
  14  0:18  Pylon  
  14  0:25  Probe  
  15  0:37  Gateway, Probe  
  16  0:45  Assimilator  
  16  0:49  Probe (Chrono Boost)  
  17  1:01  Probe (Chrono Boost)  
  17  1:02  Gateway  
  18  1:06  Probe (Chrono Boost)  
  19  1:12  Assimilator  
  19  1:15  Probe  
  20  1:25  Cybernetics Core  
  20  1:27  Probe  
  21  1:35  Pylon  
  22  1:40  Probe  
  23  2:01  Adept  
  23  2:02  Adept  
  23  2:05  Stargate  
  23  2:06  Probe  
  27  2:18  Probe  
  28  2:26  Pylon  
  28  2:30  Adept  
  28  2:35  Shield Battery  
  30  2:47  Phoenix (Chrono Boost)  
  32  2:57  Robotics Facility  
  32  2:59  Pylon  
  32  3:08  Phoenix (Chrono Boost)  
  34  3:20  Shield Battery  
  34  3:30  Phoenix (Chrono Boost)  
  34  3:31  Pylon  
  36  3:46  Immortal (Chrono Boost)  
  40  4:03  Phoenix  
  40  4:09  Pylon  
  42  4:17  Immortal (Chrono Boost)  
  44  4:34  Phoenix  
  44  4:50  Nexus  
  44  5:01  Phoenix  
  46  5:09  Probe  
  47  5:20  Assimilator  
  47  5:26  Phoenix  
  49  5:28  Pylon  
  45  5:51  Phoenix  
  45  5:54  Stalker  
  45  6:00  Immortal (Chrono Boost)  
  49  6:06  Probe x2  
  49  6:11  Shield Battery  
  51  6:19  Probe (Chrono Boost)  
  51  6:23  Shield Battery, Probe (Chrono Boost)  
  53  6:31  Probe (Chrono Boost)  
  53  6:32  Probe (Chrono Boost)  
  55  6:43  Immortal  
  55  6:46  Probe  
  58  6:52  Phoenix  
  60  6:59  Zealot  
  62  7:15  Phoenix  
  62  7:22  Immortal (Chrono Boost)  
  56  7:24  Zealot  
  57  7:31  Shield Battery  
  57  7:33  Probe  
  57  7:34  Phoenix  
  58  7:59  Phoenix  
  56  8:12  Immortal  
  60  8:13  Probe (Chrono Boost)  
  62  8:20  Assimilator, Probe (Chrono Boost)  
  62  8:23  Sentry  
  62  8:24  Phoenix  
  66  8:28  Pylon  
  66  8:33  Probe  
  67  8:46  Robotics Facility  
  67  8:51  Immortal (Chrono Boost)  
  71  9:00  Phoenix  
  71  9:01  Probe  
  72  9:06  Stargate  
  72  9:11  Probe  
  72  9:13  Probe  
  72  9:15  Protoss Air Weapons Level 1  
  74  9:23  Pylon, Probe, Observer (Chrono Boost)  
  76  9:30  Forge  
  76  9:32  Probe  
  76  9:34  Immortal  
  81  9:49  Probe  
  81  9:50  Phoenix (Chrono Boost)  
  81  9:52  Probe  
  85  10:01  Protoss Ground Weapons Level 1 (Chrono Boost)  
  85  10:02  Pylon  
  85  10:07  Phoenix (Chrono Boost)  
  87  10:17  Photon Cannon  
  87  10:22  Void Ray  
  91  10:29  Photon Cannon  
  91  10:38  Immortal (Chrono Boost)  
  95  10:52  Fleet Beacon  
  95  11:04  Immortal (Chrono Boost)  
  99  11:10  Pylon  
  99  11:19  Pylon  
  107  11:54  Immortal  
  107  11:59  Carrier (Chrono Boost)  
  111  12:06  Carrier (Chrono Boost)  
  111  12:09  Nexus  
  111  12:14  Pylon  
  111  12:26  Pylon  
  111  12:30  Assimilator  
  111  12:37  Graviton Catapult  
  111  12:49  Photon Cannon  
  111  12:55  Stargate  
Show
View Real Time Build Order
Export as new Build Order

Pancakes Protoss 

Build Orders: 1 Gate Expand, Zealot Archon 

Get SALT Encoding   

  12  0:00  Probe  
  13  0:13  Probe  
  14  0:17  Pylon  
  14  0:25  Probe  
  15  0:36  Gateway  
  15  0:38  Probe (Chrono Boost)  
  16  0:44  Assimilator  
  17  0:50  Probe (Chrono Boost)  
  17  0:55  Probe (Chrono Boost)  
  18  1:01  Gateway  
  18  1:05  Probe  
  19  1:17  Probe  
  20  1:22  Cybernetics Core  
  20  1:44  Nexus  
  20  1:50  Pylon  
  20  1:56  Stalker (Chrono Boost)  
  24  2:09  Warp Gate  
  24  2:15  Stalker (Chrono Boost), Probe  
  25  2:18  Stalker (Chrono Boost)  
  27  2:26  Assimilator  
  27  2:30  Probe  
  28  2:42  Probe  
  29  2:48  Pylon  
  29  2:54  Probe  
  30  3:01  Pylon  
  30  3:03  Stalker  
  32  3:06  Probe  
  32  3:10  Stalker  
  35  3:20  Probe  
  35  3:21  Probe  
  37  3:35  Probe  
  37  3:37  Probe  
  37  3:39  Shield Battery  
  39  3:45  Twilight Council  
  39  3:46  Gateway  
  39  3:48  Probe  
  38  4:03  Probe x2  
  40  4:15  Probe  
  40  4:16  Probe  
  42  4:18  Stalker x2  
  45  4:28  Probe x2  
  45  4:29  Blink (Chrono Boost)  
  45  4:38  Pylon  
  45  4:40  Probe x2  
  45  4:45  Assimilator  
  47  4:49  Assimilator  
  47  4:52  Probe x2  
  49  4:58  Stalker  
  51  5:02  Stalker  
  51  5:04  Probe  
  50  5:10  Probe  
  51  5:16  Probe  
  51  5:21  Templar Archives  
  52  5:22  Probe  
  52  5:23  Gateway  
  52  5:28  Shield Battery, Probe  
  54  5:30  Gateway  
  54  5:42  Stalker  
  53  5:44  Stalker  
  45  5:56  Probe x2  
  40  6:07  Pylon  
  40  6:12  Probe  
  40  6:14  Probe  
  42  6:20  Stalker  
  42  6:22  Stalker  
  42  6:24  Probe  
  47  6:29  High Templar  
  47  6:31  High Templar  
  50  6:38  Stalker  
  52  6:45  Archon  
  52  6:51  Stalker  
  45  7:21  Stalker  
  45  7:22  Stalker x3  
  41  7:35  Stalker  
  43  7:45  Stalker  
  43  7:46  Stalker  
  37  8:12  Probe (Chrono Boost)  
  37  8:17  Probe (Chrono Boost)  
  37  8:22  Charge (Chrono Boost), Probe (Chrono Boost)  
  37  8:26  Probe (Chrono Boost)  
  39  8:27  Probe (Chrono Boost)  
  39  8:31  High Templar  
  42  8:34  High Templar  
  42  8:36  Probe  
  42  8:39  Probe  
  42  8:40  Archon  
  46  8:46  Pylon  
  46  8:48  Probe  
  46  8:51  Probe  
  45  9:00  Probe  
  45  9:05  High Templar x2  
  45  9:07  Zealot x2  
  45  9:09  Archon  
  53  9:11  Probe  
  53  9:15  Pylon  
  54  9:22  Probe  
  55  9:24  High Templar  
  55  9:27  High Templar  
  59  9:32  Archon  
  59  9:36  Zealot  
  57  9:49  Zealot x2  
  57  9:51  Probe  
  62  9:56  High Templar  
  62  9:57  High Templar  
  66  10:00  Zealot  
  66  10:02  Archon  
  68  10:10  Zealot  
  68  10:11  Zealot  
  66  10:16  Probe  
  67  10:36  Pylon  
  66  10:56  High Templar x2  
  70  10:59  High Templar x2  
  70  11:00  Zealot  
  76  11:08  Archon  
  76  11:11  Archon  
  76  11:14  Pylon  
  76  11:21  Zealot  
  78  11:37  Zealot  
  78  11:38  High Templar x2  
  40  12:08  High Templar x2  
  40  12:09  Zealot  
  40  12:12  Archon  
  39  12:23  High Templar x2  
  39  12:28  Archon  
  43  12:39  Zealot  
  45  12:49  High Templar  
  47  12:52  High Templar  
  47  12:56  Archon  
Tags
 
Add a new tag
Caveats
  • Supply blocks, unpowered buildings, or Contaminate may cause inaccurate times.
  • Supply counts are checked every 10 seconds.